cohdb
Replays
Latest Replays
All Replays
Popular Replays
Top Player Replays
Match Explorer
How It Works
Community
CoH3 Stats
Reddit
Sign in to upload your games and track your stats! →
Sign in with Steam
Match 43749280
Unlisted
Match 43749280
Overview
Messages
Build Orders
End
Construct Barracks
Construct Barracks
Selects Advanced Infantry Battlegroup
Selects Advanced Infantry Battlegroup
Selects Advanced Infantry Battlegroup
Riflemen Squad
Riflemen Squad
Riflemen Squad
Construct Medical Station
Infantry Support Center
M1 Mortar Team
Selects Convert to Ranger Squad
Convert to Ranger Squad
Construct Motor Pool
M8 Greyhound Armored Car
M1918 Browning Automatic Rifles
Selects Artillery Observers
Engineer Squad
Riflemen Squad
Construct Tank Depot
Selects Frontline Medical Station
Selects Infantry Assault
Infantry Assault
AHOIENMQ
Training_Season
Pin0kyo
Ermac[Pointrunner]
0
0
Comments
sign in to comment!
No comments posted yet!